[ AOE2 MATCH · #504903038 ]
UnrankedKhmer vs Mongols
[ REPLAY ANALYSIS · EXTRACTED FROM THE RECORDED GAME ]
Feudal
9:08
Castle
22:02
Imperial
—
| APM avg | 41.8 |
| APM peak | 127 |
| eAPM avg | 17.5 |
| Villagers / military | 102 / 53 |
Focus
⚔️ 29.6% · 🌾 70.4%
Knight ×50 · Scout Cavalry ×3
Feudal
8:26
Castle
21:09
Imperial
—
| APM avg | 35.0 |
| APM peak | 65 |
| eAPM avg | 14.8 |
| Villagers / military | 84 / 42 |
Focus
⚔️ 22.5% · 🌾 77.5%
Skirmisher ×15 · Scout Cavalry ×14 · Cavalry Archer ×8 · Mangonel ×4 · Knight ×1
Feudal
9:36
Castle
23:45
Imperial
—
| APM avg | 47.9 |
| APM peak | 100 |
| eAPM avg | 24.0 |
| Villagers / military | 91 / 110 |
Focus
⚔️ 31.9% · 🌾 68.1%
Archer ×104 · Spearman ×4 · Monk ×2
Feudal
9:08
Castle
24:00
Imperial
35:23
| APM avg | 55.6 |
| APM peak | 105 |
| eAPM avg | 19.3 |
| Villagers / military | 84 / 98 |
Focus
⚔️ 37.5% · 🌾 62.5%
Archer ×93 · Spearman ×5
Match map
Initial resources + every placement click. Lines = walls · curves = elevation contours. ◆ gold · ⬟ stone · ● berries · ✦ relic · ◌ wall gap
Your base· ✓ Closed at 22:02 · 96t walls · no gate
LMG_Leonardo's base· ✓ Closed at 21:09 · 42t walls · no gate
LMG_HERA DE TEMU's base· ✓ Closed at 23:45 · 29t walls · 5 gate(s)
El Gran Khan's base· ✓ Closed at 24:00 · 22t walls · 2 gate(s)
Smoothed initial terrain · ◌ = detected wall gap · hover for details
Inputs per minute
— Acero08 - - LMG_Leonardo
Build order — Acero08
First 150 of 286 actions detected
| 0:01 | Queue | Villager (Male) |
| 0:01 | Queue | Villager (Male) |
| 0:02 | Queue | Villager (Male) |
| 0:02 | Queue | Villager (Male) |
| 0:02 | Queue | Villager (Male) |
| 0:04 | Build | House |
| 0:05 | Build | House |
| 1:34 | Queue | Villager (Male) |
| 2:04 | Queue | Villager (Male) |
| 2:04 | Queue | Villager (Male) |
| 2:24 | Build | Lumber Camp |
| 2:33 | Queue | Villager (Male) |
| 2:34 | Queue | Villager (Male) |
| 2:34 | Queue | Villager (Male) |
| 3:23 | Queue | Villager (Male) |
| 3:23 | Queue | Villager (Male) |
| 3:24 | Queue | Villager (Male) |
| 4:11 | Build | Mill |
| 4:23 | Queue | Villager (Male) |
| 4:23 | Queue | Villager (Male) |
| 4:24 | Queue | Villager (Male) |
| 4:24 | Queue | Villager (Male) |
| 4:43 | Build | House |
| 4:55 | Queue | Villager (Male) |
| 4:56 | Queue | Villager (Male) |
| 5:36 | Research | Loom |
| 5:59 | Build | House |
| 6:58 | Research | Feudal Age |
| 6:58 | Research | Feudal Age |
| 8:19 | Queue | Villager (Male) |
| 9:08 | Age | Feudal Age |
| 9:10 | Build | Stable |
| 9:29 | Queue | Villager (Male) |
| 9:31 | Research | Double-Bit Axe |
| 9:34 | Research | Horse Collar |
| 9:56 | Queue | Scout Cavalry |
| 9:56 | Queue | Scout Cavalry |
| 9:58 | Build | House |
| 10:15 | Build | Palisade Wall |
| 10:28 | Build | Palisade Wall |
| 10:33 | Queue | Villager (Male) |
| 10:45 | Build | Palisade Wall |
| 10:51 | Queue | Scout Cavalry |
| 10:53 | Queue | Villager (Male) |
| 11:00 | Build | Farm |
| 11:01 | Build | Farm |
| 11:28 | Build | Palisade Wall |
| 11:32 | Build | Palisade Wall |
| 11:34 | Queue | Villager (Male) |
| 11:38 | Build | House |
| 11:40 | Queue | Villager (Male) |
| 12:05 | Build | Palisade Wall |
| 12:09 | Queue | Villager (Male) |
| 12:31 | Queue | Villager (Male) |
| 12:39 | Build | Farm |
| 12:41 | Build | Farm |
| 13:00 | Build | Farm |
| 13:02 | Build | Farm |
| 13:17 | Build | Palisade Wall |
| 13:20 | Queue | Villager (Male) |
| 13:23 | Build | Farm |
| 13:25 | Build | Farm |
| 13:35 | Queue | Villager (Male) |
| 13:40 | Build | Palisade Wall |
| 13:59 | Build | Mill |
| 14:03 | Queue | Villager (Male) |
| 14:07 | Build | Farm |
| 14:18 | Build | House |
| 14:25 | Queue | Villager (Male) |
| 14:36 | Build | Farm |
| 14:39 | Build | Farm |
| 14:44 | Queue | Villager (Male) |
| 14:51 | Build | House |
| 15:05 | Build | Farm |
| 15:16 | Queue | Villager (Male) |
| 15:26 | Build | Palisade Wall |
| 15:31 | Queue | Villager (Male) |
| 15:36 | Build | Palisade Wall |
| 15:52 | Build | Blacksmith |
| 16:11 | Build | Palisade Wall |
| 16:12 | Build | Palisade Wall |
| 16:18 | Queue | Villager (Male) |
| 16:34 | Build | Mining Camp |
| 16:46 | Queue | Villager (Male) |
| 16:49 | Build | House |
| 16:59 | Build | Farm |
| 17:13 | Build | Palisade Wall |
| 17:14 | Build | Palisade Wall |
| 17:15 | Build | Palisade Wall |
| 17:28 | Queue | Villager (Male) |
| 17:47 | Build | House |
| 17:50 | Build | Farm |
| 17:59 | Queue | Villager (Male) |
| 18:14 | Build | Palisade Wall |
| 18:16 | Build | Palisade Wall |
| 18:28 | Build | House |
| 18:33 | Queue | Villager (Male) |
| 18:43 | Build | Market |
| 19:22 | Research | Castle Age |
| 19:25 | Build | House |
| 19:26 | Build | House |
| 19:36 | Research | Scale Barding Armor |
| 19:36 | Research | Scale Barding Armor |
| 19:42 | Research | Gold Mining |
| 19:47 | Research | Forging |
| 20:27 | Research | Bloodlines |
| 20:27 | Research | Bloodlines |
| 21:10 | Build | Stable |
| 21:15 | Queue | Villager (Male) |
| 22:02 | Age | Castle Age |
| 22:05 | Queue | Knight |
| 22:05 | Queue | Knight |
| 22:14 | Build | House |
| 22:16 | Build | House |
| 22:19 | Queue | Villager (Male) |
| 22:31 | Build | Town Center |
| 22:41 | Queue | Villager (Male) |
| 22:51 | Queue | Knight |
| 22:51 | Queue | Knight |
| 23:09 | Research | Chain Barding Armor |
| 23:10 | Queue | Villager (Male) |
| 23:15 | Build | Lumber Camp |
| 23:16 | Queue | Villager (Male) |
| 23:27 | Build | House |
| 23:35 | Research | Husbandry |
| 23:36 | Queue | Villager (Male) |
| 23:55 | Queue | Knight |
| 24:08 | Build | Farm |
| 24:11 | Queue | Villager (Male) |
| 24:11 | Queue | Villager (Male) |
| 24:16 | Queue | Knight |
| 24:16 | Queue | Knight |
| 24:39 | Research | Iron Casting |
| 24:54 | Queue | Knight |
| 24:56 | Queue | Villager (Male) |
| 25:25 | Queue | Knight |
| 25:26 | Queue | Knight |
| 25:49 | Queue | Knight |
| 25:49 | Queue | Knight |
| 25:50 | Queue | Villager (Male) |
| 25:50 | Queue | Villager (Male) |
| 25:50 | Queue | Villager (Male) |
| 25:51 | Queue | Villager (Male) |
| 25:51 | Queue | Villager (Male) |
| 25:54 | Build | House |
| 25:55 | Build | House |
| 25:56 | Build | House |
| 25:57 | Build | House |
| 25:59 | Queue | Knight |
| 26:12 | Queue | Villager (Male) |
Build order — LMG_Leonardo
First 150 of 231 actions detected
| 0:01 | Queue | Villager (Male) |
| 0:01 | Queue | Villager (Male) |
| 0:02 | Queue | Villager (Male) |
| 0:02 | Queue | Villager (Male) |
| 0:03 | Build | House |
| 0:04 | Build | House |
| 1:38 | Queue | Villager (Male) |
| 1:38 | Queue | Villager (Male) |
| 1:58 | Queue | Villager (Male) |
| 1:58 | Queue | Villager (Male) |
| 2:05 | Build | Lumber Camp |
| 2:23 | Queue | Villager (Male) |
| 2:23 | Queue | Villager (Male) |
| 2:23 | Queue | Villager (Male) |
| 2:35 | Build | House |
| 3:14 | Queue | Villager (Male) |
| 3:14 | Queue | Villager (Male) |
| 3:14 | Queue | Villager (Male) |
| 3:40 | Queue | Villager (Male) |
| 3:40 | Queue | Villager (Male) |
| 4:35 | Queue | Villager (Male) |
| 4:35 | Queue | Villager (Male) |
| 4:35 | Queue | Villager (Male) |
| 4:59 | Build | Mill |
| 5:47 | Research | Loom |
| 6:16 | Research | Feudal Age |
| 6:56 | Queue | Villager (Male) |
| 6:56 | Queue | Villager (Male) |
| 7:00 | Build | House |
| 7:33 | Build | Barracks |
| 7:45 | Build | Palisade Wall |
| 8:26 | Age | Feudal Age |
| 8:33 | Build | Stable |
| 8:38 | Queue | Villager (Male) |
| 9:01 | Build | House |
| 9:05 | Build | House |
| 9:07 | Build | Palisade Wall |
| 9:10 | Research | Double-Bit Axe |
| 9:28 | Queue | Villager (Male) |
| 9:30 | Queue | Scout Cavalry |
| 9:30 | Queue | Scout Cavalry |
| 9:30 | Queue | Scout Cavalry |
| 9:37 | Build | Palisade Wall |
| 9:50 | Build | Mill |
| 9:55 | Build | House |
| 9:57 | Build | House |
| 10:03 | Build | Palisade Wall |
| 10:03 | Build | Palisade Wall |
| 10:05 | Queue | Villager (Male) |
| 10:05 | Queue | Villager (Male) |
| 10:05 | Queue | Villager (Male) |
| 10:06 | Queue | Villager (Male) |
| 10:06 | Queue | Villager (Male) |
| 10:20 | Build | Palisade Wall |
| 10:45 | Build | Farm |
| 10:51 | Build | Farm |
| 10:57 | Queue | Villager (Male) |
| 11:14 | Build | House |
| 11:28 | Build | Farm |
| 11:31 | Queue | Villager (Male) |
| 11:32 | Queue | Villager (Male) |
| 11:34 | Build | Farm |
| 12:03 | Queue | Scout Cavalry |
| 12:03 | Queue | Scout Cavalry |
| 12:07 | Build | Farm |
| 12:10 | Build | Farm |
| 12:48 | Queue | Villager (Male) |
| 13:01 | Build | Blacksmith |
| 13:07 | Build | Farm |
| 13:08 | Queue | Villager (Male) |
| 13:09 | Queue | Villager (Male) |
| 13:26 | Queue | Scout Cavalry |
| 13:26 | Queue | Scout Cavalry |
| 13:26 | Queue | Scout Cavalry |
| 13:44 | Build | Farm |
| 13:44 | Build | Farm |
| 13:45 | Build | Farm |
| 13:45 | Build | Farm |
| 14:01 | Build | House |
| 14:02 | Build | House |
| 14:03 | Build | House |
| 14:19 | Queue | Villager (Male) |
| 14:19 | Queue | Villager (Male) |
| 14:20 | Queue | Villager (Male) |
| 14:52 | Build | Farm |
| 14:57 | Build | Farm |
| 14:59 | Build | Farm |
| 15:22 | Queue | Villager (Male) |
| 15:22 | Queue | Villager (Male) |
| 15:30 | Build | Mining Camp |
| 16:00 | Research | Wheelbarrow |
| 16:15 | Build | Farm |
| 16:15 | Build | Farm |
| 16:15 | Build | Farm |
| 16:22 | Build | Farm |
| 17:24 | Queue | Villager (Male) |
| 17:57 | Queue | Villager (Male) |
| 18:14 | Research | Castle Age |
| 18:20 | Build | Watch Tower |
| 18:26 | Build | Market |
| 18:28 | Build | House |
| 18:31 | Build | House |
| 18:34 | Build | House |
| 18:43 | Build | Palisade Wall |
| 18:44 | Build | Palisade Wall |
| 18:45 | Build | Palisade Wall |
| 19:19 | Queue | Villager (Male) |
| 19:19 | Queue | Villager (Male) |
| 19:21 | Build | Archery Range |
| 21:04 | Build | Archery Range |
| 21:06 | Build | Archery Range |
| 21:09 | Age | Castle Age |
| 21:12 | Research | Bloodlines |
| 21:14 | Queue | Scout Cavalry |
| 21:14 | Queue | Scout Cavalry |
| 21:26 | Queue | Scout Cavalry |
| 21:27 | Queue | Scout Cavalry |
| 21:27 | Queue | Scout Cavalry |
| 21:27 | Queue | Scout Cavalry |
| 22:03 | Build | House |
| 22:09 | Queue | Skirmisher |
| 22:09 | Queue | Skirmisher |
| 22:34 | Build | Lumber Camp |
| 22:49 | Queue | Villager (Male) |
| 22:49 | Queue | Villager (Male) |
| 22:49 | Queue | Villager (Male) |
| 22:49 | Queue | Villager (Male) |
| 22:56 | Queue | Skirmisher |
| 23:14 | Research | Fletching |
| 23:27 | Queue | Skirmisher |
| 23:28 | Queue | Skirmisher |
| 23:28 | Queue | Skirmisher |
| 23:28 | Queue | Skirmisher |
| 23:28 | Queue | Skirmisher |
| 23:29 | Queue | Skirmisher |
| 23:38 | Build | Mining Camp |
| 23:58 | Build | Palisade Gate |
| 24:00 | Build | Palisade Wall |
| 24:20 | Build | Farm |
| 24:35 | Queue | Villager (Male) |
| 24:35 | Queue | Villager (Male) |
| 24:35 | Queue | Villager (Male) |
| 24:57 | Queue | Knight |
| 25:08 | Queue | Cavalry Archer |
| 25:27 | Queue | Villager (Male) |
| 25:27 | Queue | Villager (Male) |
| 26:01 | Queue | Villager (Male) |
| 26:01 | Queue | Villager (Male) |
| 26:01 | Queue | Villager (Male) |
| 26:08 | Build | Farm |
Build order — LMG_HERA DE TEMU
First 150 of 317 actions detected
| 0:01 | Queue | Villager (Male) |
| 0:01 | Queue | Villager (Male) |
| 0:01 | Queue | Villager (Male) |
| 0:02 | Queue | Villager (Male) |
| 0:02 | Queue | Villager (Male) |
| 0:03 | Build | House |
| 0:05 | Build | House |
| 1:29 | Queue | Villager (Male) |
| 1:30 | Queue | Villager (Male) |
| 1:50 | Research | Loom |
| 2:00 | Queue | Villager (Male) |
| 2:01 | Queue | Villager (Male) |
| 2:03 | Build | Lumber Camp |
| 2:32 | Queue | Villager (Male) |
| 2:32 | Queue | Villager (Male) |
| 2:57 | Queue | Villager (Male) |
| 2:58 | Queue | Villager (Male) |
| 3:17 | Queue | Villager (Male) |
| 3:17 | Queue | Villager (Male) |
| 3:34 | Build | House |
| 3:36 | Build | House |
| 3:58 | Queue | Villager (Male) |
| 3:59 | Queue | Villager (Male) |
| 3:59 | Queue | Villager (Male) |
| 4:26 | Build | Mill |
| 4:41 | Queue | Villager (Male) |
| 4:41 | Queue | Villager (Male) |
| 4:43 | Queue | Villager (Male) |
| 4:43 | Queue | Villager (Male) |
| 4:58 | Build | Mill |
| 5:20 | Queue | Villager (Male) |
| 5:20 | Queue | Villager (Male) |
| 6:06 | Queue | Villager (Male) |
| 6:06 | Queue | Villager (Male) |
| 6:17 | Research | Loom |
| 7:26 | Research | Feudal Age |
| 7:26 | Research | Feudal Age |
| 7:51 | Build | Barracks |
| 8:14 | Queue | Villager (Male) |
| 8:14 | Queue | Villager (Male) |
| 8:25 | Build | Palisade Gate |
| 8:37 | Queue | Villager (Male) |
| 9:36 | Age | Feudal Age |
| 9:42 | Build | Archery Range |
| 9:49 | Build | Palisade Wall |
| 9:52 | Build | Palisade Wall |
| 9:56 | Build | Palisade Wall |
| 10:02 | Queue | Villager (Male) |
| 10:03 | Queue | Villager (Male) |
| 10:08 | Research | Double-Bit Axe |
| 10:30 | Queue | Spearman |
| 10:30 | Queue | Spearman |
| 10:37 | Build | Palisade Wall |
| 10:41 | Build | Palisade Wall |
| 10:42 | Build | Palisade Wall |
| 10:43 | Build | Palisade Wall |
| 10:47 | Build | Palisade Gate |
| 10:49 | Build | Palisade Wall |
| 10:54 | Queue | Archer |
| 10:55 | Queue | Archer |
| 10:58 | Build | House |
| 11:08 | Build | House |
| 11:18 | Build | House |
| 11:19 | Build | House |
| 11:24 | Queue | Villager (Male) |
| 11:24 | Queue | Villager (Male) |
| 11:26 | Build | Farm |
| 11:27 | Build | Farm |
| 11:28 | Build | Farm |
| 11:29 | Build | Farm |
| 11:33 | Build | Mining Camp |
| 11:43 | Build | House |
| 11:44 | Build | House |
| 11:59 | Queue | Villager (Male) |
| 11:59 | Queue | Villager (Male) |
| 12:37 | Build | Palisade Wall |
| 12:38 | Build | Palisade Wall |
| 12:40 | Build | Palisade Wall |
| 12:45 | Queue | Villager (Male) |
| 12:46 | Queue | Villager (Male) |
| 12:48 | Build | Farm |
| 12:49 | Build | Farm |
| 12:59 | Build | Farm |
| 13:01 | Build | Farm |
| 13:02 | Build | Farm |
| 13:22 | Queue | Villager (Male) |
| 13:22 | Queue | Villager (Male) |
| 13:41 | Build | Palisade Gate |
| 13:46 | Build | Palisade Wall |
| 13:52 | Queue | Spearman |
| 13:52 | Queue | Spearman |
| 14:01 | Build | Farm |
| 14:05 | Build | Farm |
| 14:07 | Queue | Villager (Male) |
| 14:07 | Queue | Villager (Male) |
| 14:08 | Build | Farm |
| 14:13 | Build | Farm |
| 14:26 | Queue | Villager (Male) |
| 14:27 | Queue | Villager (Male) |
| 15:00 | Queue | Villager (Male) |
| 15:01 | Queue | Villager (Male) |
| 15:01 | Queue | Villager (Male) |
| 15:03 | Build | Mill |
| 15:09 | Queue | Archer |
| 15:10 | Queue | Archer |
| 15:10 | Queue | Archer |
| 15:57 | Build | Archery Range |
| 16:16 | Build | Palisade Gate |
| 16:20 | Queue | Villager (Male) |
| 16:21 | Queue | Villager (Male) |
| 16:21 | Queue | Villager (Male) |
| 16:47 | Build | Blacksmith |
| 16:51 | Queue | Archer |
| 16:51 | Queue | Archer |
| 16:51 | Queue | Archer |
| 17:13 | Build | Palisade Wall |
| 17:15 | Build | Palisade Wall |
| 17:16 | Build | Palisade Wall |
| 17:17 | Build | Palisade Wall |
| 17:33 | Queue | Villager (Male) |
| 17:34 | Queue | Villager (Male) |
| 17:39 | Build | Farm |
| 17:41 | Build | Farm |
| 17:47 | Build | House |
| 17:53 | Build | Palisade Gate |
| 18:00 | Build | House |
| 18:04 | Queue | Archer |
| 18:04 | Queue | Archer |
| 18:04 | Queue | Archer |
| 18:05 | Queue | Villager (Male) |
| 18:05 | Queue | Villager (Male) |
| 18:21 | Queue | Archer |
| 18:21 | Queue | Archer |
| 18:41 | Queue | Archer |
| 18:41 | Queue | Archer |
| 18:43 | Queue | Villager (Male) |
| 18:43 | Queue | Villager (Male) |
| 19:04 | Build | House |
| 19:06 | Build | House |
| 19:12 | Queue | Archer |
| 19:12 | Queue | Archer |
| 19:12 | Queue | Archer |
| 19:25 | Build | House |
| 19:41 | Research | Fletching |
| 19:42 | Queue | Archer |
| 19:42 | Queue | Archer |
| 19:42 | Queue | Archer |
| 19:49 | Queue | Villager (Male) |
| 19:49 | Queue | Villager (Male) |
| 20:41 | Queue | Archer |
Build order — El Gran Khan
First 150 of 301 actions detected
| 0:02 | Queue | Villager (Male) |
| 0:02 | Queue | Villager (Male) |
| 0:02 | Queue | Villager (Male) |
| 0:02 | Queue | Villager (Male) |
| 0:03 | Build | House |
| 0:04 | Build | House |
| 1:28 | Queue | Villager (Male) |
| 1:29 | Queue | Villager (Male) |
| 2:01 | Build | Lumber Camp |
| 2:02 | Queue | Villager (Male) |
| 2:15 | Queue | Villager (Male) |
| 2:40 | Build | Palisade Wall |
| 2:48 | Queue | Villager (Male) |
| 3:03 | Queue | Villager (Male) |
| 3:25 | Build | House |
| 3:39 | Queue | Villager (Male) |
| 4:03 | Queue | Villager (Male) |
| 4:19 | Build | Mill |
| 4:50 | Queue | Villager (Male) |
| 5:07 | Queue | Villager (Male) |
| 5:38 | Queue | Villager (Male) |
| 5:58 | Queue | Villager (Male) |
| 6:22 | Research | Loom |
| 6:58 | Research | Feudal Age |
| 7:40 | Build | Barracks |
| 7:54 | Build | Barracks |
| 8:02 | Build | House |
| 8:05 | Build | House |
| 8:09 | Build | House |
| 8:12 | Build | Palisade Wall |
| 8:14 | Queue | Villager (Male) |
| 8:44 | Queue | Villager (Male) |
| 8:50 | Build | Palisade Wall |
| 8:52 | Build | Palisade Wall |
| 9:08 | Age | Feudal Age |
| 9:14 | Queue | Villager (Male) |
| 9:15 | Queue | Villager (Male) |
| 9:16 | Queue | Spearman |
| 9:27 | Build | Archery Range |
| 9:28 | Queue | Villager (Male) |
| 9:35 | Build | Mining Camp |
| 9:41 | Queue | Villager (Male) |
| 9:45 | Queue | Villager (Male) |
| 9:48 | Queue | Villager (Male) |
| 9:54 | Queue | Villager (Male) |
| 9:59 | Build | House |
| 10:01 | Build | Palisade Wall |
| 10:41 | Queue | Archer |
| 10:45 | Queue | Spearman |
| 10:55 | Build | Archery Range |
| 11:14 | Build | Palisade Gate |
| 11:18 | Build | Palisade Wall |
| 11:20 | Queue | Archer |
| 11:23 | Queue | Villager (Male) |
| 11:23 | Queue | Villager (Male) |
| 11:37 | Research | Double-Bit Axe |
| 11:37 | Research | Double-Bit Axe |
| 11:41 | Queue | Villager (Male) |
| 11:48 | Build | Farm |
| 11:55 | Queue | Archer |
| 12:03 | Queue | Villager (Male) |
| 12:03 | Queue | Villager (Male) |
| 12:05 | Queue | Archer |
| 12:44 | Queue | Villager (Male) |
| 12:54 | Build | Blacksmith |
| 12:58 | Build | Farm |
| 13:02 | Build | House |
| 13:04 | Build | House |
| 13:33 | Queue | Villager (Male) |
| 13:39 | Queue | Archer |
| 13:40 | Queue | Archer |
| 13:49 | Build | House |
| 13:52 | Build | Mining Camp |
| 13:54 | Queue | Villager (Male) |
| 13:54 | Queue | Villager (Male) |
| 14:19 | Queue | Archer |
| 14:19 | Queue | Archer |
| 14:26 | Queue | Villager (Male) |
| 14:29 | Build | Farm |
| 14:30 | Build | Farm |
| 14:32 | Build | Farm |
| 14:35 | Build | Farm |
| 14:47 | Build | Farm |
| 14:52 | Build | Farm |
| 15:02 | Queue | Villager (Male) |
| 15:09 | Build | Farm |
| 15:25 | Build | House |
| 15:26 | Queue | Villager (Male) |
| 15:26 | Queue | Villager (Male) |
| 15:27 | Queue | Villager (Male) |
| 15:31 | Build | Farm |
| 15:40 | Build | Market |
| 16:01 | Build | Palisade Wall |
| 16:06 | Queue | Villager (Male) |
| 16:12 | Build | Farm |
| 16:13 | Queue | Archer |
| 16:13 | Queue | Archer |
| 16:16 | Queue | Villager (Male) |
| 16:16 | Queue | Villager (Male) |
| 16:26 | Build | Farm |
| 16:33 | Queue | Archer |
| 16:33 | Queue | Archer |
| 16:34 | Queue | Villager (Male) |
| 16:57 | Research | Fletching |
| 17:00 | Build | Farm |
| 17:01 | Build | Farm |
| 17:03 | Build | Farm |
| 17:04 | Queue | Villager (Male) |
| 17:38 | Build | House |
| 17:46 | Build | Palisade Gate |
| 17:51 | Queue | Archer |
| 17:51 | Queue | Archer |
| 18:00 | Queue | Archer |
| 18:01 | Queue | Archer |
| 18:01 | Queue | Archer |
| 18:17 | Queue | Archer |
| 18:17 | Queue | Archer |
| 18:17 | Queue | Archer |
| 18:19 | Build | Farm |
| 18:24 | Queue | Villager (Male) |
| 18:36 | Queue | Villager (Male) |
| 18:39 | Build | Farm |
| 19:03 | Build | Palisade Wall |
| 19:27 | Queue | Archer |
| 19:27 | Queue | Archer |
| 19:27 | Queue | Archer |
| 19:27 | Queue | Archer |
| 19:54 | Queue | Villager (Male) |
| 19:55 | Queue | Villager (Male) |
| 20:01 | Research | Wheelbarrow |
| 20:07 | Build | House |
| 20:13 | Build | House |
| 20:14 | Build | House |
| 21:00 | Queue | Villager (Male) |
| 21:01 | Queue | Archer |
| 21:01 | Queue | Archer |
| 21:20 | Research | Castle Age |
| 21:20 | Research | Castle Age |
| 21:50 | Queue | Archer |
| 21:50 | Queue | Archer |
| 21:51 | Queue | Archer |
| 21:51 | Queue | Archer |
| 22:43 | Research | Padded Archer Armor |
| 22:43 | Research | Padded Archer Armor |
| 22:44 | Queue | Archer |
| 22:44 | Queue | Archer |
| 22:45 | Queue | Archer |
| 22:45 | Queue | Archer |
| 22:46 | Queue | Villager (Male) |
| 22:53 | Build | Lumber Camp |
Match timeline
| 2:40 | El Gran Khan · wall_segment Palisade Wall x1 |
| 7:33 | LMG_Leonardo · first_building Barracks |
| 7:40 | El Gran Khan · first_building Barracks |
| 7:45 | LMG_Leonardo · wall_segment Palisade Wall x2 |
| 7:51 | LMG_HERA DE TEMU · first_building Barracks |
| 8:12 | El Gran Khan · wall_segment Palisade Wall x7 |
| 8:26 | LMG_Leonardo · age_up feudal |
| 8:33 | LMG_Leonardo · first_building Stable |
| 8:50 | El Gran Khan · wall_segment Palisade Wall x3 |
| 8:52 | El Gran Khan · wall_segment Palisade Wall x1 |
| 9:07 | LMG_Leonardo · wall_segment Palisade Wall x8 |
| 9:08 | Acero08 · age_up feudal |
| 9:08 | El Gran Khan · age_up feudal |
| 9:10 | Acero08 · first_building Stable |
| 9:27 | El Gran Khan · first_building Archery Range |
| 9:36 | LMG_HERA DE TEMU · age_up feudal |
| 9:37 | LMG_Leonardo · wall_segment Palisade Wall x16 |
| 9:42 | LMG_HERA DE TEMU · first_building Archery Range |
| 9:49 | LMG_HERA DE TEMU · wall_segment Palisade Wall x1 |
| 9:52 | LMG_HERA DE TEMU · wall_segment Palisade Wall x1 |
| 9:56 | LMG_HERA DE TEMU · wall_segment Palisade Wall x1 |
| 10:01 | El Gran Khan · wall_segment Palisade Wall x7 |
| 10:03 | LMG_Leonardo · wall_segment Palisade Wall x1 |
| 10:03 | LMG_Leonardo · wall_segment Palisade Wall x1 |
| 10:15 | Acero08 · wall_segment Palisade Wall x2 |
| 10:20 | LMG_Leonardo · wall_segment Palisade Wall x10 |
| 10:28 | Acero08 · wall_segment Palisade Wall x17 |
| 10:37 | LMG_HERA DE TEMU · wall_segment Palisade Wall x1 |
| 10:41 | LMG_HERA DE TEMU · wall_segment Palisade Wall x1 |
| 10:42 | LMG_HERA DE TEMU · wall_segment Palisade Wall x1 |
| 10:43 | LMG_HERA DE TEMU · wall_segment Palisade Wall x1 |
| 10:45 | Acero08 · wall_segment Palisade Wall x20 |
| 10:49 | LMG_HERA DE TEMU · wall_segment Palisade Wall x1 |
| 11:18 | El Gran Khan · wall_segment Palisade Wall x1 |
| 11:28 | Acero08 · wall_segment Palisade Wall x5 |
| 11:32 | Acero08 · wall_segment Palisade Wall x4 |
| 12:05 | Acero08 · wall_segment Palisade Wall x8 |
| 12:37 | LMG_HERA DE TEMU · wall_segment Palisade Wall x1 |
| 12:38 | LMG_HERA DE TEMU · wall_segment Palisade Wall x1 |
| 12:40 | LMG_HERA DE TEMU · wall_segment Palisade Wall x1 |
| 13:17 | Acero08 · wall_segment Palisade Wall x8 |
| 13:40 | Acero08 · wall_segment Palisade Wall x4 |
| 13:46 | LMG_HERA DE TEMU · wall_segment Palisade Wall x1 |
| 15:26 | Acero08 · wall_segment Palisade Wall x9 |
| 15:36 | Acero08 · wall_segment Palisade Wall x3 |
| 16:01 | El Gran Khan · wall_segment Palisade Wall x1 |
| 16:11 | Acero08 · wall_segment Palisade Wall x9 |
| 16:12 | Acero08 · wall_segment Palisade Wall x3 |
| 17:13 | Acero08 · wall_segment Palisade Wall x3 |
| 17:13 | LMG_HERA DE TEMU · wall_segment Palisade Wall x1 |
| 17:14 | Acero08 · wall_segment Palisade Wall x1 |
| 17:15 | LMG_HERA DE TEMU · wall_segment Palisade Wall x1 |
| 17:15 | Acero08 · wall_segment Palisade Wall x1 |
| 17:16 | LMG_HERA DE TEMU · wall_segment Palisade Wall x1 |
| 17:17 | LMG_HERA DE TEMU · wall_segment Palisade Wall x1 |
| 18:14 | Acero08 · wall_segment Palisade Wall x3 |
| 18:16 | Acero08 · wall_segment Palisade Wall x7 |
| 18:43 | LMG_Leonardo · wall_segment Palisade Wall x2 |
| 18:44 | LMG_Leonardo · wall_segment Palisade Wall x1 |
| 18:45 | LMG_Leonardo · wall_segment Palisade Wall x1 |
| 19:03 | El Gran Khan · wall_segment Palisade Wall x1 |
| 19:21 | LMG_Leonardo · first_building Archery Range |
| 21:09 | LMG_Leonardo · age_up castle |
| 22:02 | Acero08 · age_up castle |
| 22:03 | LMG_HERA DE TEMU · wall_segment Palisade Wall x5 |
| 22:11 | LMG_HERA DE TEMU · wall_segment Palisade Wall x8 |
| 23:10 | LMG_Leonardo · first_market_sell 100 wood |
| 23:12 | LMG_Leonardo · first_market_buy 100 food |
| 23:45 | LMG_HERA DE TEMU · age_up castle |
| 24:00 | El Gran Khan · age_up castle |
| 24:00 | LMG_Leonardo · wall_segment Palisade Wall x6 |
| 27:14 | LMG_Leonardo · first_building Siege Workshop |
| 30:56 | El Gran Khan · first_market_sell 100 food |
| 31:07 | El Gran Khan · first_building Monastery |
| 31:42 | LMG_HERA DE TEMU · first_building Monastery |
| 32:39 | El Gran Khan · first_building Castle |
| 34:43 | Acero08 · first_market_sell 500 wood |
| 35:23 | El Gran Khan · age_up imperial |
| 35:30 | LMG_HERA DE TEMU · resign |
[ AI ANALYSIS · 1 CREDIT ]
What really happened in this match?
Wolo.gg analyzes every decision: build order, eco, micro, common mistakes by bracket. Personalized analysis on WhatsApp or Discord in 30 seconds.
Civ guide
Khmer
Perfil
Jugador #449476